 Dungeon Crawl Stone Soup version 0.28.0-47-ge53b351184 (webtiles) character file.

Game seed: 2774580115752431288

15262 croobank the Covert (level 12, 0/97 HPs)
             Began as a Gnoll Delver on May 1, 2022.
             Was an Initiate of Gozag.
             Succumbed to a cane toad's poison
             ... on level 2 of the Lair of Beasts.
             The game lasted 01:11:44 (17382 turns).

croobank the Covert (Gnoll Delver)                 Turns: 17382, Time: 01:11:44

Health: 0/97       AC: 21    Str: 19    XL:     12   Next: 25%
Magic:  22/22      EV: 24    Int: 14    God:    Gozag
Gold:   362        SH: 11    Dex: 13    Spells: 25/25 levels left

rFire   + + .      SeeInvis .   a - +2 broad axe
rCold   + . .      Faith    .   y - +1 kite shield
rNeg    . . .      Spirit   .   f - +2 chain mail of Marbles {rF+ Will++}
rPois   +          Reflect  .   (no helmet)
rElec   +          Harm     .   I - scarf {repulsion}
rCorr   +          Rampage  .   (no gloves)
Will    ++...                   E - +0 pair of boots
Stlth   ++........              o - amulet of the acrobat
HPRegen 0.26/turn               p - ring of the Tortoise {AC+8}
MPRegen 0.18/turn               G - +6 ring of strength

@: lethally poisoned (0 -> -3), resistant, acrobatic, repel missiles
A: fangs 1, strong nose, distributed training
a: Renounce Religion, Potion Petition, Call Merchant, Bribe Branch


You were on level 2 of the Lair of Beasts.
You worshipped Gozag.
Gozag was aware of your devotion.
You visited 3 branches of the dungeon, and saw 15 of its levels.
You also visited: Bailey.

You collected 2559 gold pieces.
You spent 614 gold pieces at shops.
You paid 1583 gold pieces to Gozag.

Inventory:

Hand Weapons
 a - a +2 broad axe (weapon)
 b - a +0 hunting sling
 l - a +4 dagger
 v - a +2 flail of holy wrath
 w - a +1 long sword of distortion
 B - a +0 scimitar
 D - a +0 hand crossbow
 F - a +0 battleaxe of electrocution
 N - the +1 quarterstaff of Integrity {freeze, rF+ Str+2 Int+3}
   (You found it on level 11 of the Dungeon)

   It freezes those it strikes, dealing additional cold damage.
   It can also slow down cold-blooded creatures.
   Str:       It affects your strength (+2).
   Int:       It affects your intelligence (+3).
   rF:        It protects you from fire.
Missiles
 d - 487 stones (quivered)
 h - 90 bolts
 q - 110 sling bullets
 t - 223 arrows
 H - 25 boomerangs
 J - 26 poisoned darts
 P - a curare-tipped dart
Armour
 f - the +2 chain mail of Marbles (worn) {rF+ Will++}
   (You found it on level 4 of the Dungeon)

   rF:        It protects you from fire.
   Will:      It greatly increases your willpower.
 i - a +0 leather armour
 k - a +0 plate armour
 u - a +0 chain mail
 x - a +2 tower shield
 y - a +1 kite shield (worn)
 E - a +0 pair of boots (worn)
 I - a scarf of repulsion (worn)
Magical Staves
 M - a staff of conjuration
Jewellery
 e - an amulet of faith
 o - an amulet of the acrobat (around neck)
 p - the ring of the Tortoise (left hand) {AC+8}
   (You found it on level 2 of the Dungeon)

   [ring of protection]

   AC:        It affects your AC (+8).
 G - a +6 ring of strength (right hand)
 L - a ring of magical power
Wands
 g - a wand of digging (1)
 j - a wand of charming (6)
 C - a wand of flame (8)
Scrolls
 c - 5 scrolls of fog
 r - a scroll of teleportation
 A - 4 scrolls of identify
 K - a scroll of holy word
Potions
 m - 4 potions of flight
 n - a potion of attraction
 s - a potion of magic


   Skills:
 + Level 9.7 Fighting
 + Level 7.1 Short Blades
 + Level 7.1 Long Blades
 + Level 8.5 Axes
 + Level 7.1 Maces & Flails
 + Level 7.1 Polearms
 + Level 7.1 Staves
 + Level 7.1 Slings
 + Level 7.1 Bows
 + Level 7.1 Crossbows
 + Level 7.1 Throwing
 + Level 7.1 Armour
 + Level 8.5 Dodging
 + Level 11.8 Stealth
 + Level 7.1 Shields
 + Level 7.1 Unarmed Combat
 + Level 7.1 Spellcasting
 + Level 5.9 Conjurations
 + Level 5.9 Hexes
 + Level 5.9 Summonings
 + Level 5.9 Necromancy
 + Level 5.9 Translocations
 + Level 5.9 Transmutations
 + Level 5.9 Fire Magic
 + Level 5.9 Ice Magic
 + Level 5.9 Air Magic
 + Level 5.9 Earth Magic
 + Level 5.9 Poison Magic
 + Level 7.8 Invocations
 + Level 7.1 Evocations


You had 25 spell levels left.
You didn't know any spells.
Your spell library contained the following spells:

 Spells                   Type           Power      Damage    Failure   Level
 Animate Skeleton         Necr           42%        N/A       30%         1
 Apportation              Tloc           42%        N/A       30%         1
 Freeze                   Ice            84%        1d10      30%         1
 Magic Dart               Conj           84%        1d7       30%         1
 Summon Small Mammal      Summ           84%        N/A       30%         1
 Blink                    Tloc           42%        N/A       41%         2
 Scorch                   Fire           42%        2d7       41%         2
 Searing Ray              Conj           42%        2d6       41%         2
 Frozen Ramparts          Ice            42%        1d6       65%         3
 Inner Flame              Hex/Fire       21%        N/A       65%         3
 Lesser Beckoning         Tloc           21%        N/A       65%         3
 Cause Fear               Hex            10%        N/A       96%         4
 Flame Wave               Conj/Fire      21%        2d7       96%         4
 Fulminant Prism          Conj/Hex       10%        3d9       96%         4
 Hailstorm                Conj/Ice       21%        3d6       96%         4
 Iskenderun's Mystic Bla  Conj/Tloc      21%        2d6       96%         4
 Passage of Golubria      Tloc           21%        N/A       96%         4
 Alistair's Intoxication  Tmut/Pois      14%        N/A       100%        5
 Borgnjor's Vile Clutch   Necr/Erth      10%        N/A       100%        5
 Lee's Rapid Deconstruct  Erth           10%        3d9*      100%        5
 Manifold Assault         Tloc           21%        N/A       100%        5
 Silence                  Hex/Air        10%        N/A       100%        5
 Eringya's Noxious Bog    Tmut/Pois      10%        N/A       100%        6
 Summon Cactus Giant      Summ           10%        N/A       100%        6
 Discord                  Hex            10%        N/A       100%        8
 Lehudib's Crystal Spear  Conj/Erth      10%        10d4      100%        8


Dungeon Overview and Level Annotations

Branches:
Dungeon (12/15)            Temple (1/1) D:6            Lair (2/6) D:9
 Bailey (visited)
  Swamp: Lair:2-4    Shoals: Lair:2-4     Snake: Lair:2-4    Spider: Lair:2-4
    Orc: D:9-12

Altars:
Ashenzari
Cheibriados
Dithmenos
Elyvilon
Fedhas
Gozag
Hepliaklqana
Kikubaaqudgha
Makhleb
Nemelex Xobeh
Okawaru
Qazlal
Ru
Sif Muna
Trog
Uskayaw
Vehumet
Wu Jian
Xom
Yredelemnul
Zin
The Shining One

Shops:
D:5 ?   D:11 [   D:12 (   Lair:2 *

Annotations:
D:11 2 transporters, WaxSun's ghost, journeyman OgFE
Lair:1 Fannar


Innate Abilities, Weirdness & Mutations

You have very sharp teeth.
Your uncanny sense of smell can sniff out nearby items.
Your experience applies equally to all skills.


Message History

You feel very sick.
The cane toad is no longer distracted by gold.
Your water moccasin bites the blink frog!
The blink frog is poisoned.
Your water moccasin poisons the blink frog!
The cane toad stings your komodo dragon!!
Your komodo dragon is poisoned.
The cane toad poisons your komodo dragon!
Your komodo dragon bites the cane toad!
The cane toad dies!
Your water moccasin bites the blink frog.
The blink frog looks as sick as possible!
Your water moccasin poisons the blink frog!
Okay, then.
As you read the scroll of teleportation, it crumbles to dust.
You feel strangely unstable.
* * * LOW HITPOINT WARNING * * *
You feel sick.
The blink frog is distracted by your dazzling golden aura.
Your water moccasin closely misses the blink frog.
You swap places.
* * * LOW HITPOINT WARNING * * *
You feel sick.
Your water moccasin closely misses the blink frog.
Found a scroll of teleportation and a hand axe.
* * * LOW HITPOINT WARNING * * *
You feel sick.
Okay, then.
Your magic is already full.
Okay, then.
Okay, then.
Your surroundings suddenly seem different.
Found four items.
Found a stone staircase leading down.
* * * LOW HITPOINT WARNING * * *
You feel sick.
Okay, then.
Okay, then.
Okay, then.
You die...
Your body crumbles into a pile of gold.

# # ### .#### ##
#.##..##.#.##...
................
................
#....@.....?.
#............
.[)........#.PP#
PP..>.....P.....
................
.#.##.#.........
# ##.#..#.....
##..+..... ?..
...


There were no monsters in sight!

Vanquished Creatures
  3 two-headed ogres
  An orc knight (Bailey)
  2 cyclopes (D:11)
  A black mamba (Lair:1)
  A cane toad (Lair:1)
  A gargoyle (D:11)
  Maggie (D:8)
  3 trolls
  A hornet (D:9)
  Sigmund (D:4)
  A shadow (D:11)
  19 yaks
  A basilisk (D:9)
  7 wyverns
  2 steam dragons
  Grum (D:8)
  Menkaure (D:7)
  An acid dragon (D:9)
  Duvessa (D:7)
  5 water moccasins
  3 orc warriors (Bailey)
  4 black bears
  3 centaurs
  8 wolves
  A phantom (D:5)
  3 kobold brigands (D:9)
  2 scorpions (D:6)
  7 bullfrogs
  A gnoll sergeant (D:8)
  A water moccasin zombie (D:5)
  6 killer bees
  8 wights
  A howler monkey (D:8)
  3 centaur zombies
  A bullfrog skeleton (D:5)
  3 hounds
  3 jellies
  5 iguanas
  An orc wizard (D:8)
  7 gnolls
  6 adders
  2 white imps
  2 ufetubi
  2 adder skeletons (D:4)
  2 worms
  2 dart slugs
  14 orcs
  7 ball pythons
  6 endoplasms
  3 giant cockroaches
  13 goblins
  9 hobgoblins
  3 jackals
  29 kobolds
  6 quokkas
  3 bats
  5 frilled lizards
  9 rats
248 creatures vanquished.

Vanquished Creatures (collateral kills)
  A cane toad (Lair:2)
  A hornet (D:10)
  A water moccasin (D:7)
  An orc warrior (D:7)
  Dowan (D:7)
  2 orc wizards (D:7)
  A white imp (D:7)
8 creatures vanquished.

Vanquished Creatures (others)
  A goblin (D:3)
  A fungus (D:9)
  20 plants
22 creatures vanquished.

Grand Total: 278 creatures vanquished

Notes
Turn   | Place    | Note
-------+----------+-------------------------------------------
     0 | D:5      | Reached skill level 9 in Stealth
     0 | D:5      | croobank the Gnoll Delver began the quest for the Orb.
     0 | D:5      | Reached XP level 1. HP: 23/23 MP: 1/1
    37 | D:5      | Reached XP level 2. HP: 3/29 MP: 2/2
    37 | D:5      | Reached XP level 3. HP: 4/35 MP: 3/3
   202 | D:5      | Reached skill level 1 in Invocations
   533 | D:5      | Noticed a phantom
   612 | D:5      | Reached skill level 1 in Short Blades
   612 | D:5      | Reached skill level 1 in Long Blades
   612 | D:5      | Reached skill level 1 in Maces & Flails
   612 | D:5      | Reached skill level 1 in Polearms
   612 | D:5      | Reached skill level 1 in Staves
   612 | D:5      | Reached skill level 1 in Slings
   612 | D:5      | Reached skill level 1 in Bows
   612 | D:5      | Reached skill level 1 in Crossbows
   612 | D:5      | Reached skill level 1 in Throwing
   612 | D:5      | Reached skill level 1 in Armour
   612 | D:5      | Reached skill level 1 in Shields
   612 | D:5      | Reached skill level 1 in Unarmed Combat
   612 | D:5      | Reached skill level 1 in Spellcasting
   612 | D:5      | Reached skill level 1 in Evocations
   869 | D:4      | Identified the +2 chain mail of Marbles {rF+ Will++}
   882 | D:4      | Reached XP level 4. HP: 18/41 MP: 5/5
  1076 | D:4      | Reached skill level 1 in Conjurations
  1076 | D:4      | Reached skill level 1 in Hexes
  1076 | D:4      | Reached skill level 1 in Summonings
  1076 | D:4      | Reached skill level 1 in Necromancy
  1076 | D:4      | Reached skill level 1 in Translocations
  1076 | D:4      | Reached skill level 1 in Transmutations
  1076 | D:4      | Reached skill level 1 in Fire Magic
  1076 | D:4      | Reached skill level 1 in Ice Magic
  1076 | D:4      | Reached skill level 1 in Air Magic
  1076 | D:4      | Reached skill level 1 in Earth Magic
  1076 | D:4      | Reached skill level 1 in Poison Magic
  1306 | D:4      | Reached XP level 5. HP: 36/47 MP: 5/7
  1759 | D:2      | Found the ring of the Tortoise {AC+8}
  1964 | D:1      | Found a faded altar of an unknown god.
  3591 | D:3      | Noticed a steam dragon
  3617 | D:3      | Killed a steam dragon
  3618 | D:3      | Reached skill level 5 in Axes
  3618 | D:3      | Reached skill level 5 in Dodging
  3618 | D:3      | Reached XP level 6. HP: 28/53 MP: 7/9
  3894 | D:3      | Found an ancient bone altar of Kikubaaqudgha.
  4338 | D:4      | Noticed Sigmund
  4350 | D:4      | Killed Sigmund
  4351 | D:4      | Reached XP level 7. HP: 59/60 MP: 10/10
  4863 | D:5      | Reached skill level 10 in Stealth
  4915 | D:5      | Reached XP level 8. HP: 51/67 MP: 12/12
  5286 | D:5      | Found Geqep Leti's Magic Scroll Emporium.
  5296 | D:5      | Bought a scroll of identify for 24 gold pieces
  5296 | D:5      | Bought a scroll of identify for 24 gold pieces
  5296 | D:5      | Bought a scroll of silence for 90 gold pieces
  5875 | D:6      | Found a staircase to the Ecumenical Temple.
  5919 | Temple   | Entered the Ecumenical Temple
  6185 | Temple   | Became a worshipper of Gozag Ym Sagoz the Greedy
  6689 | D:7      | Noticed Duvessa
  6690 | D:7      | Noticed Dowan
  6700 | D:7      | Killed Dowan
  6738 | D:7      | Killed Duvessa
  6739 | D:7      | Reached XP level 9. HP: 19/72 MP: 14/14
  7309 | D:7      | Noticed a troll
  7359 | D:7      | Killed a troll
  7729 | D:7      | Noticed Menkaure
  7744 | D:7      | Killed Menkaure
  8345 | D:8      | Found a flagged portal.
  8357 | Bailey   | Entered a bailey
  8390 | Bailey   | Noticed an orc knight
  8436 | Bailey   | Reached skill level 5 in Invocations
  8547 | Bailey   | Killed an orc knight
  8548 | Bailey   | Reached XP level 10. HP: 69/80 MP: 15/17
  9129 | D:8      | Noticed Maggie
  9183 | D:8      | Killed Maggie
  9184 | D:8      | Reached skill level 5 in Short Blades
  9184 | D:8      | Reached skill level 5 in Long Blades
  9184 | D:8      | Reached skill level 5 in Maces & Flails
  9184 | D:8      | Reached skill level 5 in Polearms
  9184 | D:8      | Reached skill level 5 in Staves
  9184 | D:8      | Reached skill level 5 in Slings
  9184 | D:8      | Reached skill level 5 in Bows
  9184 | D:8      | Reached skill level 5 in Crossbows
  9184 | D:8      | Reached skill level 5 in Throwing
  9184 | D:8      | Reached skill level 5 in Armour
  9184 | D:8      | Reached skill level 5 in Shields
  9184 | D:8      | Reached skill level 5 in Unarmed Combat
  9184 | D:8      | Reached skill level 5 in Spellcasting
  9184 | D:8      | Reached skill level 5 in Evocations
  9960 | D:9      | Noticed Grum
  9996 | D:8      | Killed Grum
 10790 | D:9      | Reached skill level 11 in Stealth
 11097 | D:9      | Found a staircase to the Lair.
 12051 | D:9      | Reached XP level 11. HP: 40/87 MP: 19/19
 12608 | D:10     | Entered Level 10 of the Dungeon
 12608 | D:10     | Noticed a two-headed ogre
 12639 | D:9      | Paralysed by a hornet for 2 turns
 13048 | Lair:1   | Entered Level 1 of the Lair of Beasts
 13174 | Lair:1   | Reached skill level 5 in Conjurations
 13174 | Lair:1   | Reached skill level 5 in Hexes
 13174 | Lair:1   | Reached skill level 5 in Summonings
 13174 | Lair:1   | Reached skill level 5 in Necromancy
 13174 | Lair:1   | Reached skill level 5 in Translocations
 13174 | Lair:1   | Reached skill level 5 in Transmutations
 13174 | Lair:1   | Reached skill level 5 in Fire Magic
 13174 | Lair:1   | Reached skill level 5 in Ice Magic
 13174 | Lair:1   | Reached skill level 5 in Air Magic
 13174 | Lair:1   | Reached skill level 5 in Earth Magic
 13174 | Lair:1   | Reached skill level 5 in Poison Magic
 13233 | Lair:1   | Noticed Fannar
 14138 | D:9      | Killed a two-headed ogre
 14624 | D:10     | Found a radiant altar of Vehumet.
 14879 | D:10     | Noticed a two-headed ogre
 14927 | D:10     | Killed a two-headed ogre
 15083 | D:11     | Identified the +1 quarterstaff of Integrity {freeze, rF+
                  | Str+2 Int+3}
 15124 | D:11     | Noticed a two-headed ogre
 15129 | D:11     | Killed a two-headed ogre
 15151 | D:11     | Noticed a cyclops
 15160 | D:11     | Killed a cyclops
 15310 | D:11     | Noticed a cyclops
 15329 | D:11     | Killed a cyclops
 15782 | D:11     | Reached XP level 12. HP: 76/96 MP: 22/22
 15967 | D:11     | Found a transporter.
 15967 | D:11     | Noticed a two-headed ogre
 15970 | D:11     | Found a transporter.
 15970 | D:11     | Identified the +9 great mace of Uluuhig {drain, rElec rF++
                  | rN+}
 15970 | D:11     | Noticed a two-headed ogre
 15971 | D:11     | Noticed a two-headed ogre
 15971 | D:11     | Noticed a two-headed ogre
 15972 | D:11     | Noticed WaxSun's ghost (journeyman OgFE)
 16116 | D:11     | Found Zim Ackai's Antique Armour Boutique.
 16440 | D:12     | Found Ifotill's Weapon Shop.
 16786 | Lair:1   | HP: 3/96 [poisoned by a cane toad]
 17329 | Lair:2   | Bought a scroll of enchant weapon for 150 gold pieces
 17329 | Lair:2   | Bought a potion of heal wounds for 100 gold pieces
 17329 | Lair:2   | Bought a scroll of summoning for 190 gold pieces
 17375 | Lair:2   | Bought an orange potion for 18 gold pieces
 17375 | Lair:2   | Bought a lumpy emerald potion for 18 gold pieces
 17378 | Lair:2   | HP: 4/97 [poisoned by a cane toad]
 17381 | Lair:2   | HP: 1/97 [poisoned by a cane toad]
 17382 | Lair:2   | Succumbed to a cane toad's poison

Illustrated notes

Levels and vault maps discovered:
D:1:      elethiomel_arrival_shortcut, layout_loops_ring,
          hellmonk_ecumenical_altar_lost_god, kennysheep_nondescript
D:2:      layout_loops_cross
D:3:      layout_basic, kiku_gazebo_pond_becter, minmay_misc_feat_doors
D:4:      layout_rooms, uniq_sigmund
D:5:      layout_basic, serial_shops, nicolae_shop_trees
D:6:      layout_rooms, minmay_temple_entry_offerings
D:7:      layout_rooms, uniq_menkaure, uniq_duvessa
D:8:      layout_loops_ring, enter_bailey_3, uniq_maggie
D:9:      layout_irregular_city, minmay_lair_entry_grove, uniq_grum
D:10:     layout_basic, nicolae_vehumet_altar_sigil
D:11:     layout_loops_corners, serial_shops, shop, gammafunk_ghost_smash
D:12:     layout_roguey [special_room_bee], orc_david_3, portal_ice_cave_rime,
          uniq_sonja
Temple:   mainiacjoe_temple_cubbyholes
Lair:1:   layout_cave_pods, gauntlet_entry_generic, serial_bayou_shore_a,
          uniq_fannar
Lair:2:   lemuel_slime, layout_chaotic_city, shoals_dummy_entry,
          chequers_serial_rivers_micro_a, minmay_shattered_shrine

Skill      XL: |  1  2  3  4  5  6  7  8  9 10 11 12 |
---------------+-------------------------------------+-----
Stealth        | 10 11 | 11.8
Invocations    | 1 2 3 4 5 6 7 |  7.8
Short Blades   | 1 2 3 4 5 6 7 |  7.1
Long Blades    | 1 2 3 4 5 6 7 |  7.1
Maces & Flails | 1 2 3 4 5 6 7 |  7.1
Polearms       | 1 2 3 4 5 6 7 |  7.1
Staves         | 1 2 3 4 5 6 7 |  7.1
Slings         | 1 2 3 4 5 6 7 |  7.1
Bows           | 1 2 3 4 5 6 7 |  7.1
Crossbows      | 1 2 3 4 5 6 7 |  7.1
Throwing       | 1 2 3 4 5 6 7 |  7.1
Armour         | 1 2 3 4 5 6 7 |  7.1
Shields        | 1 2 3 4 5 6 7 |  7.1
Unarmed Combat | 1 2 3 4 5 6 7 |  7.1
Spellcasting   | 1 2 3 4 5 6 7 |  7.1
Evocations     | 1 2 3 4 5 6 7 |  7.1
Conjurations   | 1 2 3 4 5 |  5.9
Hexes          | 1 2 3 4 5 |  5.9
Summonings     | 1 2 3 4 5 |  5.9
Necromancy     | 1 2 3 4 5 |  5.9
Translocations | 1 2 3 4 5 |  5.9
Transmutations | 1 2 3 4 5 |  5.9
Fire Magic     | 1 2 3 4 5 |  5.9
Ice Magic      | 1 2 3 4 5 |  5.9
Air Magic      | 1 2 3 4 5 |  5.9
Earth Magic    | 1 2 3 4 5 |  5.9
Poison Magic   | 1 2 3 4 5 |  5.9
Axes           | 5 6 7 8 |  8.5
Dodging        | 5 6 7 8 |  8.5
Fighting       | 7 8 9 |  9.7

Action                   |  1- 3 |  4- 6 |  7- 9 | 10-12 || total
-------------------------+-------+-------+-------+-------++-------
Melee: Hand axe          |    69 |   197 |       |       ||   266
       Bite              |    10 |    14 |    56 |    97 ||   177
       Punch             |     1 |     4 |       |       ||     5
       Broad axe         |       |    48 |   310 |   663 ||  1021
       Flail             |       |       |     8 |       ||     8
Throw: Stone             |       |       |       |     3 ||     3
       Dart              |       |       |       |     2 ||     2
Invok: Potion Petition   |       |       |       |     2 ||     2
       Call Merchant     |       |       |       |     1 ||     1
Evoke: Wand              |       |     2 |    10 |    45 ||    57
  Use: Scroll            |     2 |     4 |     8 |    16 ||    30
       Potion            |     1 |       |     1 |    12 ||    14
 Stab: Sleeping          |     2 |     2 |       |     1 ||     5
       Distracted        |       |       |       |     2 ||     2
Armor: Leather armour    |     9 |       |       |       ||     9
       Chain mail        |       |   182 |   279 |   457 ||   918
       Skin              |       |       |       |     5 ||     5
Dodge: Dodged            |    51 |    67 |   113 |   236 ||   467
       Repelled          |       |       |     1 |     1 ||     2
Block: Kite shield       |       |    43 |   238 |   471 ||   752
